 Dungeon Crawl Stone Soup version 0.30-a0-639-g3916f1956a (webtiles) character file.

Game seed: 17851468752651142520

254 pokeman the Magician (level 5, -2/29 HPs)
             Began as a Deep Elf Hedge Wizard on Jan 16, 2023.
             Slain by a phantom (3 damage)
             ... on level 5 of the Dungeon.
             The game lasted 00:06:32 (4167 turns).

pokeman the Magician (Deep Elf Hedge Wizard)        Turns: 4167, Time: 00:06:33

Health: -2/29      AC:  3    Str:  7    XL:     5   Next: 91%
Magic:  16/25      EV: 13    Int: 24    God:
Gold:   93         SH:  0    Dex: 14    Spells: 9/17 levels left

rFire   . . .      SeeInvis .    q - +2 dagger (holy)
rCold   . . .      Faith    .    (no shield)
rNeg    . . .      Spirit   .    b - +0 robe
rPois   .          Reflect  .    t - +0 helmet {Int+3}
rElec   .          Harm     .    (no cloak)
rCorr   .          Rampage  .    (no gloves)
Will    .....                    (no boots)
Stlth   ++                       (no amulet)
HPRegen 0.24/turn                n - ring of wizardry
MPRegen 0.19/turn                u - ring of magical power

@: lethally poisoned (-2 -> -7)
A: no striking features
a: no special abilities


You were on level 5 of the Dungeon.
You visited 1 branch of the dungeon, and saw 5 of its levels.

You collected 242 gold pieces.
You spent 149 gold pieces at shops.

Inventory:

Hand Weapons
 q - a +2 dagger of holy wrath (weapon)
Armour
 b - a +0 robe (worn)
 t - a +0 helmet of intelligence (worn)
Jewellery
 n - a ring of wizardry (left hand)
 o - the ring of the Empire {Ice rCorr}
   (You found it on level 3 of the Dungeon)

   [ring of ice]

   It enhances your ice magic.
   rF:        It makes you vulnerable to fire.
   rC:        It protects you from cold.
   rCorr:     It protects you from acid and corrosion.
 u - a ring of magical power (right hand)
Scrolls
 a - a scroll of vulnerability {unknown}
 e - 4 scrolls of identify {unknown}
 f - a scroll of poison {unknown}
 j - 2 scrolls of teleportation {unknown}
 s - a scroll of immolation
 v - a scroll of enchant armour {unknown}
Potions
 d - a potion of magic
 g - 2 potions of invisibility {unknown}
 h - a potion of curing {unknown}
 i - a potion of attraction {unknown}
 k - 2 potions of heal wounds {unknown}
 l - 2 potions of haste {unknown}
 m - 2 potions of brilliance {unknown}
 p - a potion of flight {unknown}
 r - a potion of mutation {unknown}
 w - a potion of ambrosia {unknown}


   Skills:
 + Level 1.1 Fighting
 - Level 1.0 Armour
 - Level 3.0 Dodging
 - Level 3.0 Stealth
 * Level 6.7 Spellcasting
 + Level 2.9 Conjurations
 + Level 1.1 Summonings
 - Level 1.1 Translocations
 - Level 1.0 Air Magic
 - Level 1.1 Poison Magic


You had 9 spell levels left.
You knew the following spells:

 Your Spells              Type           Power      Damage    Failure   Level
a - Magic Dart            Conj           88%        1d7       1%          1
b - Mephitic Cloud        Conj/Pois/Air  16%        N/A       4%          3
c - Call Imp              Summ           13%        N/A       2%          2
d - Blink                 Tloc           26%        N/A       2%          2

Your spell library contained the following spells:

 Spells                   Type           Power      Damage    Failure   Level
 Slow                     Hex            32%        N/A       3%          1
 Cigotuvi's Dreadful Rot  Necr/Pois/Air  22%        N/A       3%          2
 Hailstorm                Conj/Ice       15%        3d5       4%          3
 Ice Form                 Ice/Tmut       8%         N/A       28%         4
 Simulacrum               Ice/Necr       4%         N/A       98%         6


Dungeon Overview and Level Annotations

Branches:
Dungeon (5/15)
 Temple: D:4-7

Altars:
Uskayaw
Wu Jian

Shops:
D:3 [

Annotations:
D:3 1 runed translucent door, Bediveer's ghost, amateur KoHu


Message History

Casting: Blink (safe; 2% risk of failure)
Confirm with . or Enter, or press ? or * to list all spells.
You blink.
Your crimson imp barely misses the phantom.
Casting: Blink (safe; 2% risk of failure)
Confirm with . or Enter, or press ? or * to list all spells.
Aiming: Mephitic Cloud (dangerous; 4% risk of failure)
Press: ? - help, Shift-Dir - straight line, f - scorpion, p - phantom
Aim: a scorpion (chance to affect: 81%) That beam is likely to hit you.
Continue anyway?
The ball explodes into a vile cloud!
The stinking cloud engulfs the scorpion but does no damage.
The stinking cloud engulfs you but does no damage.
The scorpion is engulfed in noxious fumes.
The scorpion appears confused.
Your crimson imp hits the phantom but does no damage.
Unknown command.
You hit the scorpion but do no damage. The scorpion barely misses you.
Your crimson imp hits the phantom but does no damage.
The scorpion stings you.
You are poisoned.
The scorpion poisons you!
The scorpion barely misses itself.
You hit the phantom.
The phantom convulses.
The phantom is heavily damaged.
You feel very sick. The phantom hits you.
You hit the phantom but do no damage.
The phantom is heavily damaged.
You feel stable enough to blink again.
You feel sick. The phantom hits you!
* * * LOW HITPOINT WARNING * * *
Your crimson imp hits the phantom.
It was a potion of cancellation.
Your magical effects are unravelling.
You feel magically purged.
Your magical contamination has completely faded away.
The sentinel's mark upon you fades away.
* * * LOW HITPOINT WARNING * * *
You feel sick.
Your crimson imp misses the phantom.
The phantom hits you.
You die...

#### ###
#######..##..
#.............#
#....s.5......#
#....@W.......#
+.............#
####+##'###...#
#....#####
+....# #....#
##....##
#......#
#......#


You could see a phantom (ally target), a scorpion (confused) and a friendly
crimson imp (summoned).

Vanquished Creatures
  2 orc priests (D:4)
  10 adders
  2 worms (D:3)
  7 orcs
  4 ball pythons
  6 bats
  9 endoplasms
  4 giant cockroaches
  5 goblins
  9 hobgoblins
  6 jackals
  4 quokkas
  A frilled lizard (D:2)
  9 kobolds
  14 rats
92 creatures vanquished.

Vanquished Creatures (others)
  5 toadstools (D:1)
5 creatures vanquished.

Grand Total: 97 creatures vanquished

Notes
Turn   | Place    | Note
-------+----------+-------------------------------------------
     0 | D:1      | pokeman the Deep Elf Hedge Wizard began the quest for the
                  | Orb.
     0 | D:1      | Reached XP level 1. HP: 10/10 MP: 7/7
   165 | D:1      | Reached XP level 2. HP: 7/15 MP: 3/9
   660 | D:1      | Reached skill level 5 in Spellcasting
   843 | D:1      | Reached XP level 3. HP: 20/20 MP: 9/11
   847 | D:1      | Learned a level 3 spell: Mephitic Cloud
   850 | D:1      | Learned a level 2 spell: Call Imp
   853 | D:1      | Learned a level 2 spell: Blink
  1271 | D:2      | Reached skill level 1 in Fighting
  1271 | D:2      | Reached skill level 1 in Armour
  1485 | D:2      | Reached XP level 4. HP: 23/25 MP: 2/13
  1833 | D:2      | Found an ornate altar of the Wu Jian Council.
  2121 | D:3      | Identified the ring of the Empire {Ice rCorr}
  2313 | D:3      | Reached skill level 6 in Spellcasting
  2505 | D:3      | Reached XP level 5. HP: 29/29 MP: 11/15
  2600 | D:3      | Found a runed translucent door.
  2600 | D:3      | Noticed Bediveer's ghost (amateur KoHu)
  2725 | D:3      | Found Goang's Armour Shoppe.
  2728 | D:3      | Bought a +0 helmet of intelligence for 149 gold pieces
  3081 | D:4      | Found a hide-covered altar of Uskayaw.
  3864 | D:4      | Reached skill level 1 in Poison Magic
  3882 | D:4      | Reached skill level 1 in Air Magic
  4099 | D:5      | Entered Level 5 of the Dungeon
  4151 | D:5      | Noticed a phantom
  4167 | D:5      | HP: 1/29 [poisoned by a scorpion]
  4167 | D:5      | Slain by a phantom

Illustrated notes

Levels and vault maps discovered:
D:1:      ldierk_walled_garden, layout_rooms, minmay_rat_gold_closets
D:2:      layout_rooms, basic_altar, minmay_pentomino_z4
D:3:      layout_rooms, serial_shops, nicolae_shop_behind_doors,
          ebering_ghost_inner_flame
D:4:      layout_cave_pods, nicolae_overflow_crystal_walls
D:5:      layout_gridville

Skill      XL: |  1  2  3  4  5 |
---------------+----------------+-----
Spellcasting   | 5 6 |  6.7
Fighting       | 1 |  1.1
Armour         | 1 |  1.0
Conjurations   | 2 |  2.9
Stealth        | 3 |  3.0
Dodging        | 3 |  3.0
Poison Magic   | 1 |  1.1
Air Magic      | 1 |  1.0
Summonings     | |  1.1
Translocations | |  1.1

Action                   |  1- 3 |  4- 6 || total
-------------------------+-------+-------++-------
Melee: Dagger            |    22 |    22 ||    44
       Punch             |       |     1 ||     1
 Cast: Magic Dart        |   111 |   139 ||   250
       Mephitic Cloud    |       |     6 ||     6
       Call Imp          |       |     4 ||     4
       Blink             |       |     1 ||     1
  Use: Potion            |       |     1 ||     1
Armor: Robe              |    12 |     9 ||    21
Dodge: Dodged            |    30 |    27 ||    57

Table legend: (Time is in decaauts)
 A = Elapsed time spent in this place.
 B = Non-inter-level travel time spent in this place.
 C = Inter-level travel time spent in this place.
 D = Time resting spent in this place.
 E = Time spent auto-exploring this place.
 F = Levels seen in this place.
 G = Mean time per level.
                   A        B        C        D        E       F      G
               +--------+--------+--------+--------+--------+-----+--------+
         Total |   4167 |   4081 |     86 |    211 |   3332 |   5 |  833.4 |
       Dungeon |   4167 |   4081 |     86 |    211 |   3332 |   5 |  833.4 |
               +--------+--------+--------+--------+--------+-----+--------+

Top non-repeatable levels by time:
     D:4: 1166 daAuts
     D:3: 986 daAuts
     D:1: 983 daAuts
     D:2: 963 daAuts
     D:5: 67 daAuts
